Map: Lightshade LE

Players

INnoVation

  • Race: Terran Terran
  • Spawn Location: 11:00

Serral - Winner!

  • Race: Zerg Zerg
  • Spawn Location: 5:00

Event: StayAtHome Story Cup #3

VOD

Have the link to the VOD?

Description

Time

  • Played on: March 12, 2021, 8:09 a.m.
  • Length: 8:22

All games in this series

Show
View Real Time Build Order
Export as new Build Order

INnoVation Terran 

Build Orders: 2 Factory, Reaper Expand 

Get SALT Encoding   

  12  0:00  SCV  
  13  0:12  SCV  
  14  0:17  Supply Depot  
  14  0:24  SCV  
  15  0:38  SCV  
  15  0:39  Barracks  
  16  0:43  Refinery  
  16  0:50  SCV  
  17  1:03  SCV  
  18  1:15  SCV  
  19  1:26  Reaper  
  19  1:27  Orbital Command  
  20  1:39  Command Center  
  20  1:49  Supply Depot  
  20  1:52  SCV  
  21  1:58  Marine  
  22  2:05  SCV  
  23  2:12  Factory  
  23  2:17  SCV  
  23  2:20  Barracks Reactor  
  24  2:29  SCV  
  25  2:39  Command Center  
  25  2:41  SCV  
  26  2:50  Orbital Command  
  26  2:53  SCV  
  27  2:59  Factory  
  27  3:04  Refinery  
  27  3:05  SCV  
  28  3:10  Marine  
  29  3:14  Hellion  
  29  3:16  Hellion  
  29  3:18  SCV  
  34  3:20  SCV  
  35  3:29  Barracks Tech Lab  
  35  3:30  SCV  
  35  3:32  SCV  
  37  3:37  Hellion x2  
  41  3:43  SCV  
  41  3:44  SCV  
  43  3:51  Hellion, Infernal Pre-Igniter  
  43  3:52  Orbital Command  
  43  3:55  Barracks Tech Lab  
  45  3:58  SCV  
  45  3:59  SCV  
  45  4:02  Hellion x2  
  51  4:07  Supply Depot  
  51  4:11  SCV x2  
  51  4:14  Hellion  
  51  4:16  Stimpack  
  55  4:23  SCV x2  
  58  4:24  Orbital Command  
  58  4:26  Hellion x2  
  61  4:31  Supply Depot  
  61  4:35  SCV x2, Hellion  
  65  4:46  Barracks  
  65  4:47  SCV x2  
  65  4:49  Hellion  
  69  4:53  Hellion, Supply Depot  
  69  4:55  SCV  
  69  4:57  Hellion  
  69  4:59  SCV x2  
  76  5:05  Refinery, Barracks  
  76  5:06  Refinery  
  76  5:10  SCV  
  76  5:11  SCV x2  
  76  5:13  Marine  
  74  5:16  Supply Depot  
  74  5:20  Siege Tank  
  74  5:23  SCV x3  
  77  5:30  Engineering Bay x2  
  77  5:35  SCV x3  
  79  5:36  Barracks  
  79  5:39  Factory Tech Lab  
  79  5:41  Supply Depot  
  77  5:47  SCV x3  
  77  5:49  Marine  
  81  5:51  Marine x2  
  81  5:52  Siege Tank  
  81  5:56  Barracks  
  86  6:00  Barracks Reactor  
  86  6:01  Starport  
  86  6:03  SCV x2, Siege Tank  
  91  6:05  SCV  
  92  6:11  Terran Infantry Armor Level 1  
  92  6:12  Terran Infantry Weapons Level 1  
  92  6:15  Supply Depot  
  92  6:17  Refinery  
  92  6:18  Refinery  
  92  6:19  SCV  
  92  6:20  SCV x2  
  92  6:22  Marine x2  
  96  6:27  Siege Tank  
  96  6:31  Marine  
  96  6:34  Barracks Reactor  
  96  6:35  SCV x2  
  96  6:36  SCV  
  98  6:40  Marine x2  
  98  6:42  Supply Depot x2  
  98  6:43  Marine x2  
  98  6:44  Barracks Reactor  
  98  6:45  Starport Reactor  
  102  6:48  SCV x3  
  102  6:53  Siege Tank  
  108  6:59  Supply Depot  
  108  7:03  Missile Turret, Siege Tank  
  108  7:05  Marine x4  
  115  7:10  Marine x3  
  115  7:13  Armory  
  118  7:16  SCV x3  
  118  7:21  Medivac x2  
  119  7:23  Marine x6  
  119  7:25  Supply Depot  
  119  7:28  Marine x2, Supply Depot  
  130  7:30  Siege Tank  
  130  7:33  Missile Turret  
  130  7:34  Supply Depot  
  130  7:35  Siege Tank  
  133  7:42  Marine  
  133  7:43  Marine x4  
  132  7:46  SCV x2  
  132  7:47  SCV  
  112  7:53  Marine x2  
  105  7:59  SCV x2  
  105  8:00  SCV  
Show
View Real Time Build Order
Export as new Build Order

Serral Zerg - Winner!

Build Orders: Hatch First 

Get SALT Encoding   

  12  0:00  Drone  
  13  0:12  Overlord  
  13  0:17  Drone  
  14  0:31  Drone x2  
  16  0:47  Hatchery  
  15  0:51  Drone  
  15  0:55  Drone  
  17  0:59  Drone  
  18  1:08  Extractor  
  17  1:14  Spawning Pool  
  17  1:17  Drone  
  17  1:20  Drone  
  18  1:28  Drone  
  19  1:38  Drone  
  20  1:49  Drone  
  21  2:00  Queen, Zergling x4  
  21  2:01  Queen  
  27  2:11  Drone, Overlord  
  27  2:13  Metabolic Boost  
  28  2:25  Spore Crawler  
  27  2:33  Hatchery  
  27  2:36  Drone  
  26  2:40  Drone  
  26  2:41  Drone  
  29  2:44  Drone x2  
  31  2:52  Queen  
  31  2:58  Overlord  
  33  3:00  Drone  
  34  3:06  Pneumatized Carapace  
  34  3:08  Drone  
  35  3:16  Drone x4  
  35  3:18  Drone  
  40  3:22  Overlord  
  40  3:26  Drone  
  41  3:31  Queen  
  43  3:34  Overlord  
  43  3:42  Drone  
  43  3:43  Zergling x4  
  43  3:47  Queen  
  48  3:50  Queen  
  48  3:52  Drone  
  48  3:54  Drone  
  52  3:56  Drone  
  52  3:58  Overlord  
  52  4:00  Drone  
  52  4:02  Zergling x2  
  55  4:04  Drone  
  55  4:07  Zergling x2  
  55  4:09  Queen  
  57  4:16  Roach Warren  
  58  4:19  Drone  
  58  4:21  Drone x2, Evolution Chamber  
  60  4:25  Drone x2  
  60  4:31  Queen  
  62  4:33  Overlord  
  62  4:34  Drone x2  
  66  4:39  Drone x3  
  66  4:43  Evolution Chamber  
  68  4:46  Lair  
  68  4:48  Extractor  
  68  4:50  Queen  
  68  4:52  Zergling x4  
  72  4:53  Drone  
  72  4:54  Drone  
  72  4:59  Roach x2  
  78  5:01  Roach  
  78  5:03  Overlord  
  78  5:04  Drone  
  81  5:12  Evolution Chamber  
  81  5:13  Drone  
  81  5:19  Overlord x2  
  81  5:20  Evolution Chamber  
  81  5:22  Extractor  
  81  5:23  Extractor  
  81  5:24  Drone x4  
  81  5:26  Drone x2, Zerg Missile Weapons Level 1  
  81  5:27  Drone x2  
  87  5:29  Drone  
  87  5:32  Overlord  
  88  5:36  Overlord  
  88  5:38  Drone  
  88  5:42  Drone x3  
  92  5:43  Drone  
  92  5:45  Drone  
  92  5:48  Zerg Ground Armor Level 1  
  91  5:51  Drone  
  91  5:53  Extractor  
  91  5:54  Drone, Extractor  
  88  5:57  Drone x2  
  88  5:58  Drone x2  
  88  6:00  Glial Reconstitution  
  92  6:06  Roach  
  92  6:07  Roach  
  95  6:12  Hatchery  
  95  6:15  Roach x2  
  95  6:17  Overlord  
  98  6:20  Roach x3  
  104  6:28  Roach x5  
  104  6:32  Overlord x2  
  114  6:33  Overlord x2  
  114  6:44  Roach x3  
  120  6:52  Roach x3  
  120  6:53  Roach x2  
  130  6:56  Roach x3  
  130  7:00  Overseer, Overlord  
  136  7:03  Roach x4  
  136  7:07  Roach  
  146  7:10  Ravager x3  
  146  7:15  Roach x2  
  152  7:27  Drone  
  152  7:28  Ravager  
  154  7:30  Roach x7  
  154  7:32  Overlord x3  
  154  7:33  Overlord  
  154  7:36  Overlord  
  162  7:48  Roach x7  
  153  7:54  Roach x4  
  153  7:56  Ravager  
  153  7:57  Ravager x2  
  150  8:02  Zergling x12  
  150  8:04  Zergling x2  
Tags
 
Add a new tag
Caveats
  • Supply blocks, unpowered buildings, or Contaminate may cause inaccurate times.
  • Supply counts are checked every 10 seconds.